 Dungeon Crawl Stone Soup version 0.30-a0-1035-g38d5fb2972 (webtiles) character file.

Game seed: 713167045247077037

65 Ic0nGaming the Cutter (level 4, 0/28 HPs)
             Began as a Kobold Fighter on Apr 8, 2023.
             Slain by a gnoll
             ... wielding a +0 club
             ... led by a gnoll bouda
              (1 damage)
             ... on level 2 of the Dungeon.
             The game lasted 00:03:18 (2581 turns).

Ic0nGaming the Cutter (Kobold Fighter)              Turns: 2581, Time: 00:03:19

Health: 0/28       AC:  6    Str: 13    XL:     4   Next: 34%
Magic:  0/4        EV: 10    Int:  9    God:
Gold:   94         SH:  5    Dex: 16    Spells: 3/3 levels left

rFire   . . .      SeeInvis .    a - +0 rapier
rCold   . . .      Faith    .    c - +0 buckler
rNeg    . . .      Spirit   +    b - +0 scale mail
rPois   .          Reflect  .    (no helmet)
rElec   .          Rampage  .    (no cloak)
rCorr   .                        (no gloves)
Will    .....                    (no boots)
Stlth   ++                       h - amulet of guardian spirit
HPRegen 0.24/turn                (no ring)
MPRegen 0.09/turn                (no ring)

@: mighty
A: small, no large weapons, nightstalker 3
a: no special abilities


You were on level 2 of the Dungeon.
You visited 1 branch of the dungeon, and saw 2 of its levels.

You collected 94 gold pieces.

Inventory:

Hand Weapons
 a - a +0 rapier (weapon)
Armour
 b - a +0 scale mail (worn)
 c - a +0 buckler (worn)
Jewellery
 h - an amulet of guardian spirit (around neck)
Scrolls
 e - 2 scrolls of identify
 f - a scroll of teleportation
 g - a scroll of fog


   Skills:
 - Level 3.2 Fighting
 * Level 5.0 Short Blades
 - Level 2.4 Armour
 + Level 2.7 Stealth
 - Level 2.4 Shields


You had 3 spell levels left.
You didn't know any spells.
Your spell library contained the following spells:

 Spells                   Type           Power      Damage    Failure   Level
 Portal Projectile        Hex/Tloc       0%         N/A       100%        3
 Tukima's Dance           Hex            0%         N/A       100%        3
 Blade Hands              Tmut           0%         N/A       100%        5


Dungeon Overview and Level Annotations

Branches:
Dungeon (2/15)

Altars:


Innate Abilities, Weirdness & Mutations

You are small and have problems with some larger weapons.
You are completely attuned to the shadows.


Message History

The gnoll bouda is heavily wounded.
The gnoll bouda struggles against the net.
The gnoll hits you with a +0 club!
You hit the gnoll bouda.
The gnoll bouda is severely wounded.
The gnoll closely misses you.
The gnoll bouda struggles against the net.
The net rips apart, and the gnoll bouda comes free!
The gnoll hits you with a +0 club.
You barely miss the gnoll bouda.
The gnoll bouda is severely wounded.
The gnoll hits you but does no damage.
The gnoll bouda hits you with a +0 whip.
The gnoll barely misses you.
You hit the gnoll bouda.
The gnoll bouda is almost dead.
You block the gnoll's attack.
The gnoll bouda gazes fiercely through you!
You feel your attacks grow feeble. The gnoll bouda closely misses you.
You block the gnoll's attack. The gnoll attacks as you move away!
You block the gnoll's attack.
The gnoll bouda attacks as you move away!
The gnoll bouda hits you with a +0 whip.
The gnoll attacks as you move away! The gnoll barely misses you.
The gnoll bouda attacks as you move away!
The gnoll bouda closely misses you. The gnoll attacks as you move away!
The gnoll closely misses you.
The gnoll bouda prays to its god.
The gnoll bouda is healed somewhat.
The gnoll attacks as you move away! The gnoll hits you with a +0 club.
The gnoll hits you with a +0 club!
* * * LOW HITPOINT WARNING * * *
The gnoll attacks as you move away! The gnoll barely misses you.
You feel very mighty all of a sudden. The gnoll hits you with a +0 club.
* * * LOW HITPOINT WARNING * * *
You barely miss the gnoll.
Your attacks no longer feel as feeble.
The gnoll is no longer moving quickly.
The gnoll hits you with a +0 club.
You die...

.#.#'#'## #.######.##.#
.#......# #.##......#.#
.#......# #.##.###.)#.#
.#......#####.........#.#
.#......'.....#....#..#.##
.#......#####.####.#.....#
..............# #.#.....#
#............g####.#..#.##
#.............gg@..#.....#
#............#######..#.##
####'##.............#.#.#
#.#############.##.#.#
#..................#.#
#############.#.#### #.#.#
#.#.# #.#.#


You could see a gnoll bouda and 2 gnolls.

Vanquished Creatures
  A gnoll (D:2)
  A worm (D:2)
  3 dart slugs (D:1)
  3 ball pythons (D:1)
  A bat (D:1)
  3 endoplasms
  2 giant cockroaches (D:2)
  7 goblins
  5 hobgoblins
  4 jackals (D:1)
  2 quokkas (D:1)
  2 frilled lizards (D:1)
  4 kobolds
  2 rats
40 creatures vanquished.

Notes
Turn   | Place    | Note
-------+----------+-------------------------------------------
     0 | D:1      | Ic0nGaming the Kobold Fighter began the quest for the Orb.
     0 | D:1      | Reached XP level 1. HP: 14/14 MP: 1/1
    36 | D:1      | Reached skill level 3 in Short Blades
    58 | D:1      | Reached skill level 1 in Stealth
    58 | D:1      | Reached XP level 2. HP: 16/19 MP: 2/2
   331 | D:1      | Reached skill level 4 in Short Blades
   331 | D:1      | Reached XP level 3. HP: 23/23 MP: 3/3
   514 | D:1      | Found a faded altar of an unknown god.
  1694 | D:2      | Reached XP level 4. HP: 28/28 MP: 4/4
  2436 | D:2      | Reached skill level 5 in Short Blades
  2580 | D:2      | HP: 1/28 [gnoll/+0 club[a gnoll bouda] (6)]
  2581 | D:2      | Slain by a gnoll

Illustrated notes

Levels and vault maps discovered:
D:1:      lemuel_arrival_hallway, layout_loops_ring,
          hellmonk_ecumenical_altar_run_dry
D:2:      layout_basic, kennysheep_generic_room_3

Skill      XL: |  1  2  3  4 |
---------------+-------------+-----
Short Blades   | 3 4 5 |  5.0
Stealth        | 1 2 |  2.7
Fighting       | |  3.2
Armour         | |  2.4
Shields        | |  2.4

Action                     |  1- 3 |  4- 6 || total
---------------------------+-------+-------++-------
  Melee: Rapier            |    94 |    33 ||   127
  Throw: Throwing net      |       |     1 ||     1
    Use: Scroll            |     3 |     2 ||     5
         Potion            |       |     1 ||     1
   Stab: Sleeping          |     7 |     1 ||     8
 Armour: Scale mail        |    40 |     6 ||    46
  Dodge: Dodged            |    60 |    14 ||    74
  Block: Buckler           |    18 |     6 ||    24

Table legend: (Time is in decaauts)
 A = Elapsed time spent in this place.
 B = Non-inter-level travel time spent in this place.
 C = Inter-level travel time spent in this place.
 D = Time resting spent in this place.
 E = Time spent auto-exploring this place.
 F = Levels seen in this place.
 G = Mean time per level.
                   A        B        C        D        E       F      G
               +--------+--------+--------+--------+--------+-----+--------+
         Total |   2589 |   2514 |     75 |    230 |   1838 |   2 | 1294.5 |
       Dungeon |   2589 |   2514 |     75 |    230 |   1838 |   2 | 1294.5 |
               +--------+--------+--------+--------+--------+-----+--------+

Top non-repeatable levels by time:
     D:2: 1406 daAuts
     D:1: 1183 daAuts
